 Dungeon Crawl Stone Soup version 0.27-a0-1513-g2aaa0cc67b (webtiles) character file.

Game seed: 11254070013252494009

3928 robertstho the Thaumaturge (level 10, 0/65 HPs)
             Began as a Djinni Fire Elementalist on July 9, 2021.
             Was an Initiate of Gozag.
             Slain by a yak (13 damage)
             ... on level 8 of the Dungeon.
             The game lasted 00:14:20 (11310 turns).

robertstho the Thaumaturge (DjFE)                  Turns: 11310, Time: 00:14:20

Health: 0/65       AC:  4    Str:  9    XL:     10   Next: 44%
Gold:   358        EV: 13    Int: 25    God:    Gozag SH:  5 Dex: 14

rFire    + + .     SeeInvis +   o - +5 hand axe of Tausch {elec, rC+ Str+2}
rCold    . . .     Faith    .   (no shield)
rNeg     + + .     Spirit   .   a - +0 robe
rPois    ∞         Reflect  +   (no helmet)
rElec    .         Harm     .   e - scarf {repulsion}
rCorr    .         Rampage  .   t - +1 pair of gloves
Will     +....                  (boots unavailable)
Stlth    +++.......             b - amulet of Existentialism {Reflect rC- rN+ Int+5 SH+5 SInv}
HPRegen  0.20/turn              v - ring of protection from cold
MPRegen  0.00/turn              w - ring of positive energy

@: gold aura, flying, repel missiles
A: sickness immunity, fire resistance 2, cold vulnerability 1, float, innate
caster, hp casting, extra vitality 1
a: Renounce Religion, Potion Petition, Call Merchant, Bribe Branch


You were on level 8 of the Dungeon.
You worshipped Gozag.
Gozag was aware of your devotion.
You visited 2 branches of the dungeon, and saw 9 of its levels.
You also visited: Sewer.

You collected 423 gold pieces.
You paid 65 gold pieces to Gozag.

Inventory:

Hand Weapons
 o - the +5 hand axe of Tausch (weapon) {elec, rC+ Str+2}
   (You found it on level 4 of the Dungeon)

   Occasionally, upon striking a foe, it can discharge electrical energy and
   cause terrible harm.
   Str:       It affects your strength (+2).
   rC:        It protects you from cold.
 x - the +9 great mace of Gozag's Condemnation {holy, rC++ Str+4 Dex-2}
   (You found it on level 6 of the Dungeon)

   It has been blessed by the Shining One to cause great damage to the undead
   and demons.
   Str:       It affects your strength (+4).
   Dex:       It affects your dexterity (-2).
   rC:        It greatly protects you from cold.
Missiles
 i - 5 throwing nets
Armour
 a - a +0 robe (worn)
 e - a scarf of repulsion (worn)
 t - a +1 pair of gloves (worn)
Jewellery
 b - the amulet of Existentialism (around neck) {Reflect rC- rN+ Int+5 SH+5 SInv}
   (You acquired it on level 6 of the Dungeon)

   [amulet of reflection]

   It reflects blocked missile attacks.
   Int:       It affects your intelligence (+5).
   rC:        It makes you vulnerable to cold.
   rN:        It protects you from negative energy.
   SInv:      It lets you see invisible.
   SH:        It affects your SH (+5).
 h - an amulet of reflection
 v - a ring of protection from cold (left hand)
 w - a ring of positive energy (right hand)
 A - a ring of fire
Wands
 g - a wand of iceblast (10)
Scrolls
 c - a scroll of fear {unknown}
 d - 2 scrolls of identify
 j - 6 scrolls of teleportation {unknown}
 q - 4 scrolls of fog {unknown}
 r - a scroll of brand weapon
 s - a scroll of magic mapping {unknown}
 y - a scroll of amnesia {unknown}
Potions
 f - 3 potions of heal wounds {unknown}
 k - a potion of resistance
 l - 3 potions of curing {unknown}
 m - a potion of lignification {unknown}
 n - a potion of invisibility {unknown}
 p - a potion of magic {unknown}
 u - 3 potions of might {unknown}
 z - a potion of berserk rage


   Skills:
 + Level 2.5 Fighting
 + Level 2.4 Axes
 + Level 3.4 Dodging
 + Level 4.5 Stealth
 + Level 10.0 Spellcasting


You had 4 spell levels left.
You knew the following spells:

 Your Spells              Type           Power      Damage    Failure   Level
a - Foxfire               Conj/Fire      100%       2x1d9     1%          1
b - Conjure Flame         Conj/Fire      58%        6-21      1%          3
c - Inner Flame           Hex/Fire       58%        N/A       1%          3
d - Sticky Flame          Conj/Fire      58%        2d7       1%          4
e - Fireball              Conj/Fire      29%        3d13      2%          5
f - Sandblast             Erth           100%       2d20      1%          1
g - Call Imp              Summ           58%        N/A       1%          2
h - Poisonous Vapours     Pois/Air       100%       N/A       1%          2
i - Animate Armour        Summ/Erth      100%       N/A       1%          4
Your spell library was empty.

Dungeon Overview and Level Annotations

Branches:
Dungeon (8/15)             Temple (1/1) D:6           Sewer (visited)
   Lair: D:8-11

Altars:
Ashenzari
Dithmenos
Fedhas
Gozag
Kikubaaqudgha
Qazlal
Trog
Vehumet
Wu Jian
Xom
Yredelemnul
Zin

Shops:
D:1 ((


Innate Abilities, Weirdness & Mutations

You are immune to sickness and miasma.
You are immune to poison.
Your flesh is very heat resistant. (rF++)
You are vulnerable to cold. (rC-)
You float through the air rather than walking.
You learn spells naturally, not from books.
Your magical power is your life essence.
You have superior vitality. (+4 HP)


Message History

Found a ring of fire.
Casting: Sticky Flame (dangerous; 1% risk of failure)
Confirm with . or Enter, or press ? or * to list all spells.
Okay, then.
The yak burns!
The yak burns!
The yak burns!
You kill the yak!
Your Spellcasting skill increases to level 10!
Casting: Sticky Flame (dangerous; 1% risk of failure)
Confirm with . or Enter, or press ? or * to list all spells.
Aiming: Fireball (dangerous; 2% risk of failure)
Press: ? - help, Shift-Dir - straight line, f - yak
Aim: a yak (almost dead)
The fireball explodes!
The fireball engulfs the yak!!
You kill the yak!
The fireball engulfs the yak!
The yak is moderately wounded.
You hear a shout! x3
Casting: Fireball (dangerous; 2% risk of failure)
Confirm with . or Enter, or press ? or * to list all spells.
Aiming: Fireball (dangerous; 2% risk of failure)
Press: ? - help, Shift-Dir - straight line, f - yak
Aim: a yak (heavily wounded)
The fireball explodes!
The fireball engulfs the yak!
The yak is severely wounded.
* * * LOW HITPOINT WARNING * * *
Unknown command.
Casting: Fireball (dangerous; 2% risk of failure)
Confirm with . or Enter, or press ? or * to list all spells.
Aiming: Sticky Flame (dangerous; 1% risk of failure)
Press: ? - help, Shift-Dir - straight line, f/p - yak
Aim: a yak (severely wounded, 100% to hit)
The sticky flame hits the yak.
The yak is almost dead.
The yak is covered in liquid flames!
* * * LOW HITPOINT WARNING * * *
The yak burns!
The yak gores you!
You die...
Your body crumbles into a pile of gold.

# ##. #.. ### #
##=.. ##.##.# ###
#....####.....#
..[. #.........#
... #...@Y...#
... ####.#Y..##
#.##
###....#####...#
##Y.###.#...#
#.........#..#
#.........#. ..
#...<.......#
#.>.............
#................


You could see 2 yaks.

Vanquished Creatures
  Harold (D:7)
  A manticore (D:7)
  A troll (D:7)
  2 yaks (D:8)
  2 water moccasins
  An ice beast (D:5)
  4 sky beasts
  3 black bears
  2 ogres (D:5)
  A necrophage (D:7)
  A centaur (D:6)
  A phantom (D:5)
  3 bullfrogs
  A gnoll sergeant (D:7)
  A scorpion (D:7)
  3 hounds
  An orc priest (D:6)
  Crazy Yiuf (D:3)
  A bullfrog skeleton (D:6)
  2 centaur skeletons
  Jessica (D:2)
  An iguana (D:6)
  2 orc wizards (D:6)
  A scorpion zombie (D:5)
  Ijyb (D:3)
  9 adders
  5 gnolls (D:7)
  A river rat (D:3)
  A shadow imp (D:6)
  A white imp (D:7)
  An ufetubus (D:6)
  An adder skeleton (D:4)
  A worm (D:4)
  2 dart slugs
  7 orcs
  6 bats
  16 endoplasms
  13 giant cockroaches
  4 goblins
  6 hobgoblins
  6 jackals
  11 quokkas
  15 ball pythons
  10 frilled lizards
  8 kobolds
  8 rats
171 creatures vanquished.

Vanquished Creatures (others)
  986 foxfires
986 creatures vanquished.

Grand Total: 1157 creatures vanquished

Notes
Turn   | Place    | Note
-------+----------+-------------------------------------------
     0 | D:1      | robertstho the Djinni Fire Elementalist began the quest for
                  | the Orb.
     0 | D:1      | Reached XP level 1. HP: 15/15 MP: 0/0
   222 | D:1      | Found Vapeif's Weapon Shoppe.
   230 | D:1      | Reached XP level 2. HP: 7/21 MP: 0/0
   828 | D:1      | Reached XP level 3. HP: 23/25 MP: 0/0
   828 | D:1      | Learned a level 1 spell: Sandblast
   875 | D:1      | Reached skill level 3 in Spellcasting
  1643 | D:1      | Found Matz's Weapon Emporium.
  1661 | D:2      | Noticed Jessica
  1676 | D:2      | Killed Jessica
  1677 | D:2      | Reached XP level 4. HP: 17/31 MP: 0/0
  2255 | D:2      | Found a bloodstained altar of Trog.
  3030 | D:3      | Reached XP level 5. HP: 19/36 MP: 0/0
  3030 | D:3      | Learned a level 2 spell: Call Imp
  3044 | D:3      | Found a glowing drain.
  3055 | Sewer    | Entered a sewer
  3900 | Sewer    | Reached skill level 4 in Spellcasting
  4507 | Sewer    | Noticed a bullfrog
  4507 | Sewer    | Noticed a bullfrog
  4510 | Sewer    | Killed a bullfrog
  4511 | Sewer    | Reached XP level 6. HP: 29/41 MP: 0/0
  4963 | D:3      | Noticed Ijyb
  4967 | D:3      | Killed Ijyb
  4968 | D:3      | Reached skill level 5 in Spellcasting
  5130 | D:3      | Found a runed translucent door.
  5131 | D:3      | Noticed Crazy Yiuf
  5485 | D:3      | Found a faded altar of an unknown god.
  5609 | D:3      | Reached XP level 7. HP: 43/46 MP: 0/0
  5609 | D:3      | Learned a level 2 spell: Poisonous Vapours
  5746 | D:3      | Killed Crazy Yiuf
  6020 | D:4      | Identified the +5 hand axe of Tausch {elec, rC+ Str+2}
  6901 | D:5      | Entered Level 5 of the Dungeon
  7074 | D:5      | Reached skill level 6 in Spellcasting
  7074 | D:5      | Reached XP level 8. HP: 43/51 MP: 0/0
  7246 | D:5      | Reached skill level 1 in Fighting
  7935 | D:5      | Reached skill level 7 in Spellcasting
  8556 | D:6      | Identified the +9 great mace of Gozag's Condemnation {holy,
                  | rC++ Str+4 Dex-2}
  8698 | D:6      | Identified a scroll of acquirement
  8709 | D:6      | Acquired the amulet of Existentialism {Reflect rC- rN+
                  | Int+5 SH+5 SInv}
  8877 | D:6      | Reached XP level 9. HP: 43/58 MP: 0/0
  8877 | D:6      | Learned a level 4 spell: Animate Armour
  8993 | D:6      | Reached skill level 1 in Axes
  9365 | D:6      | Found a staircase to the Ecumenical Temple.
  9374 | Temple   | Entered the Ecumenical Temple
  9449 | Temple   | Became a worshipper of Gozag Ym Sagoz the Greedy
  9508 | D:7      | Noticed a troll
  9543 | D:7      | Reached skill level 8 in Spellcasting
  9543 | D:7      | Killed a troll
  9707 | D:7      | Noticed Harold
  9721 | D:7      | Killed Harold
  9722 | D:7      | Reached skill level 9 in Spellcasting
 10059 | D:7      | Reached XP level 10. HP: 59/65 MP: 0/0
 10287 | D:7      | Found a basalt altar of Yredelemnul.
 10290 | D:7      | Found a shimmering altar of Xom.
 10292 | D:7      | Found a broken altar of Ashenzari.
 10292 | D:7      | Found a basalt altar of Yredelemnul.
 10292 | D:7      | Found an opulent altar of Gozag.
 10509 | D:7      | Found a shadowy altar of Dithmenos.
 10632 | D:7      | Noticed a manticore
 10645 | D:7      | Killed a manticore
 11308 | D:8      | Reached skill level 10 in Spellcasting
 11310 | D:8      | Slain by a yak

Illustrated notes

Levels and vault maps discovered:
D:1:      nzn_arrival_depleted_hourglass, layout_basic, serial_shops, shop,
          nicolae_diamond_shop
D:2:      layout_loops_ring, basic_altar, uniq_jessica
D:3:      layout_basic, ebering_ecumenical_altar_petrified,
          portal_sewer_entry_e, st_stairs_13, uniq_ijyb, uniq_crazy_yiuf_cottage
D:4:      layout_cave_pods
D:5:      black_bear_nest_1, layout_layer_cave
D:6:      layout_basic, minmay_temple_entry_overgrown
D:7:      layout_layer_cave, doesnt_xom_only_xom, mainiacjoe_overflow_alcove_1,
          minmay_microvault, uniq_harold
D:8:      layout_cave_pools, mainiacjoe_overflow_catch_the_wave,
          minmay_lizard_king
Temple:   hc_temple_tempest_star

Skill      XL: |  1  2  3  4  5  6  7  8  9 10 |
---------------+-------------------------------+-----
Stealth        | 2 3 4 |  4.5
Spellcasting   | 3 4 5 6 7 9 10 | 10.0
Fighting       | 1 2 |  2.5
Dodging        | 3 |  3.4
Axes           | 2 |  2.4

Action                   |  1- 3 |  4- 6 |  7- 9 | 10-12 || total
-------------------------+-------+-------+-------+-------++-------
Melee: Unarmed           |     1 |       |       |       ||     1
       Hand axe          |       |       |     4 |       ||     4
 Cast: Foxfire           |    60 |   260 |   186 |    64 ||   570
       Sticky Flame      |       |     1 |    11 |     4 ||    16
       Fireball          |       |       |       |     2 ||     2
  Use: Scroll            |       |       |     6 |       ||     6
Armor: Robe              |     4 |       |     8 |       ||    12
Dodge: Dodged            |    10 |     9 |    21 |     1 ||    41
Block: Other             |       |       |     1 |       ||     1

Table legend: (Time is in decaauts)
 A = Elapsed time spent in this place.
 B = Non-inter-level travel time spent in this place.
 C = Inter-level travel time spent in this place.
 D = Time resting spent in this place.
 E = Time spent auto-exploring this place.
 F = Levels seen in this place.
 G = Mean time per level.
                   A        B        C        D        E       F      G
               +--------+--------+--------+--------+--------+-----+--------+
         Total |  11308 |  10988 |    320 |    237 |   9661 |  10 | 1130.8 |
       Dungeon |   9635 |   9332 |    303 |    237 |   8228 |   8 | 1204.4 |
        Temple |     91 |     75 |     16 |      0 |     70 |   1 |   91.0 |
         Sewer |   1580 |   1580 |      0 |      0 |   1363 |   1 | 1580.0 |
               +--------+--------+--------+--------+--------+-----+--------+

Top non-repeatable levels by time:
     D:7: 1795 daAuts
     D:1: 1657 daAuts
     D:5: 1640 daAuts
   Sewer: 1580 daAuts
     D:2: 1343 daAuts
     D:3: 1240 daAuts
     D:4: 1077 daAuts
     D:6: 858 daAuts
  Temple: 91 daAuts
     D:8: 21 daAuts
